 Dungeon Crawl Stone Soup version 0.29-a0-283-ga02f740833 (webtiles) character file.

Game seed: 17782545554230175038

4690 Anunax the Ogre Mage (level 10, -13/91 HPs)
             Began as an Ogre Ice Elementalist on Mar 13, 2022.
             Mangled by a two-headed ogre
             ... wielding a +0 giant spiked club
              (32 damage)
             ... on level 9 of the Dungeon.
             The game lasted 00:41:04 (11348 turns).

Anunax the Ogre Mage (Ogre Ice Elementalist)       Turns: 11348, Time: 00:41:05

Health: -13/91     AC: 13    Str: 12    XL:     10   Next: 44%
Magic:  11/25      EV: 10    Int: 20    God:
Gold:   572        SH:  0    Dex:  9    Spells: 23/31 levels left

rFire   + . .      SeeInvis .   b - +0 hand axe (drain)
rCold   . . .      Faith    .   m - orb {light}
rNeg    . . .      Spirit   .   a - +0 robe
rPois   .          Reflect  .   e - +2 hat
rElec   .          Harm     .   (no cloak)
rCorr   .          Rampage  .   (gloves unavailable)
Will    +....                   (boots unavailable)
Stlth   +.........              c - amulet of the acrobat
HPRegen 0.25/turn               x - ring of protection from fire
MPRegen 0.19/turn               (no ring)

@: ice-armoured, mesmerised, glowing, studying Polearms
A: large, unfitting armour, tough skin 1, deterioration 1, weak 1
a: no special abilities


You were on level 9 of the Dungeon.
You visited 1 branch of the dungeon, and saw 9 of its levels.

You collected 572 gold pieces.

Inventory:

Hand Weapons
 b - a +0 hand axe of draining (weapon)
 h - a +3 dagger
 k - a +2 dagger of electrocution
 u - a +3 hand axe
 D - a +3 dagger
Missiles
 n - a throwing net
Armour
 a - a +0 robe (worn)
 e - a +2 hat (worn)
 m - an orb of light (worn)
Magical Staves
 j - a staff of death
Jewellery
 c - an amulet of the acrobat (around neck)
 x - a ring of protection from fire (left hand)
Wands
 g - a wand of polymorph (3)
 q - a wand of flame (17)
 z - a wand of iceblast (14)
Scrolls
 d - 5 scrolls of teleportation {unknown}
 f - 6 scrolls of identify {unknown}
 i - a scroll of amnesia {unknown}
 l - a scroll of blinking {unknown}
 s - a scroll of enchant weapon {unknown}
 t - 2 scrolls of noise {unknown}
 v - a scroll of immolation {unknown}
 w - a scroll of brand weapon {unknown}
 y - 3 scrolls of summoning {unknown}
 C - a scroll of vulnerability {unknown}
Potions
 o - 2 potions of curing
 p - a potion of mutation
 r - 4 potions of attraction {unknown}
 A - 2 potions of cancellation {unknown}
 B - a potion of invisibility {unknown}
 E - a potion of berserk rage {unknown}


   Skills:
 + Level 3.0 Fighting
 + Level 0.3 Short Blades
 + Level 0.8 Axes
 + Level 3.8 Dodging
 + Level 2.2 Stealth
 + Level 0.1 Unarmed Combat
 + Level 11.1 Spellcasting
 + Level 1.0 Conjurations
 + Level 9.8 Ice Magic


You had 23 spell levels left.
You knew the following spells:

 Your Spells              Type           Power      Damage    Failure   Level
a - Freeze                Ice            100%       1d11      1%          1
b - Frozen Ramparts       Ice            100%       1d12      1%          3
c - Ozocubu's Armour      Ice            50%        N/A       1%          3
d - Magic Dart            Conj           60%        1d6       4%          1

Your spell library contained the following spells:

 Spells                   Type           Power      Damage    Failure   Level
 Hailstorm                Conj/Ice       32%        3d8       7%          4
 Call Imp                 Summ           11%        N/A       10%         2
 Mephitic Cloud           Conj/Pois/Air  12%        N/A       16%         3


Dungeon Overview and Level Annotations

Branches:
Dungeon (9/15)             Temple (0/1) D:6            Lair (0/6) D:8
    Orc: D:9-12

Altars:
Ashenzari
Okawaru
Sif Muna
Vehumet

Annotations:
D:9 Maggie


Innate Abilities, Weirdness & Mutations

You are too large for most types of armour.
You have tough skin. (AC +1)
Your body sometimes deteriorates upon taking damage.
You are weak. (Str -2)


Message History

Confirm with . or Enter, or press ? or * to list all spells.
Aiming: Freeze (safe; 1% risk of failure)
Press: ? - help, Shift-Dir - straight line, f - two-headed ogre
Aim: a two-headed ogre, wielding a +0 giant spiked club and a +0 dire flail (haloed)
You freeze the two-headed ogre!
The two-headed ogre is lightly wounded.
Maggie gestures wildly while chanting.
Maggie attempts to bespell you!
You are mesmerised by Maggie!
The wall freezes the two-headed ogre!
The two-headed ogre hits you with a +0 giant spiked club!!
* * * LOW HITPOINT WARNING * * *
The two-headed ogre misses you.
You cannot move away from Maggie!
There are monsters nearby!
You cannot move away from Maggie!
You cannot move away from Maggie!
Casting: Freeze (safe; 1% risk of failure)
Confirm with . or Enter, or press ? or * to list all spells.
Aiming: Freeze (safe; 1% risk of failure)
Press: ? - help, Shift-Dir - straight line, f/p - two-headed ogre
Aim: a two-headed ogre, wielding a +0 giant spiked club and a +0 dire flail (moderately wounded, haloed)
You freeze the two-headed ogre.
The two-headed ogre is moderately wounded.
Maggie casts a spell.
Maggie draws you further into her thrall.
The wall freezes the two-headed ogre.
The two-headed ogre hits you with a +0 giant spiked club!
* * * LOW HITPOINT WARNING * * *
The two-headed ogre closely misses you.
It was a potion of curing.
You feel better.
It was a potion of mutation.
You feel extremely strange.
You feel yourself wasting away.
You feel weaker.
The frozen ramparts melt away.
Maggie gestures at you while chanting. The bolt of fire hits you. You resist.
* * * LOW HITPOINT WARNING * * *
An orc warrior comes into view.
It is wielding a +2 war axe of electrocution.
The two-headed ogre hits you with a +0 giant spiked club!!
You die...

..#..## . ......#
##.#>.(#........ .....
................ ....
........K..>.... ..#
........Ko...... #.#
..<...?......... #<##
........K....@.. ##..#######
...............)####.........#
.......o.. #.O@..#.........#
................##...........#
................ ##..........#
............###. ##.........#
#...>###... #. #.........# #
#. #.........# #. ###########
#.


You could see Maggie (mesmerising), a two-headed ogre and an orc warrior
(wandering).

Vanquished Creatures
  A two-headed ogre (D:9)
  Joseph (D:7)
  Prince Ribbit (D:7)
  A hornet (D:7)
  2 yaks (D:8)
  A basilisk (D:8)
  2 wyverns
  A steam dragon (D:6)
  A water moccasin (D:4)
  2 black bears (D:8)
  A sky beast (D:6)
  2 ice beasts
  An ogre (D:5)
  3 centaurs
  A kobold brigand (D:7)
  A phantom (D:5)
  3 bullfrogs
  Blork the orc (D:5)
  2 necrophages
  2 scorpions
  4 wights (D:8)
  A killer bee (D:4)
  2 howler monkeys
  4 jellies
  2 orc priests
  3 hounds
  5 iguanas
  3 orc wizards
  10 adders
  3 gnolls (D:4)
  A white imp (D:5)
  An ufetubus (D:6)
  2 worms
  A dart slug (D:2)
  9 orcs
  5 ball pythons
  7 endoplasms
  2 giant cockroaches (D:2)
  5 goblins
  6 hobgoblins
  12 jackals
  11 kobolds
  4 bats
  7 frilled lizards
  6 rats
146 creatures vanquished.

Vanquished Creatures (others)
  2 fungi (D:4)
  A plant (D:1)
3 creatures vanquished.

Grand Total: 149 creatures vanquished

Notes
Turn   | Place    | Note
-------+----------+-------------------------------------------
     0 | D:1      | Anunax the Ogre Ice Elementalist began the quest for the
                  | Orb.
     0 | D:1      | Reached XP level 1. HP: 16/16 MP: 3/3
   143 | D:1      | Reached XP level 2. HP: 16/24 MP: 1/5
   290 | D:1      | Found a faded altar of an unknown god.
  1068 | D:1      | Reached XP level 3. HP: 30/31 MP: 1/7
  1229 | D:2      | Learned a level 3 spell: Frozen Ramparts
  1233 | D:2      | Reached skill level 3 in Spellcasting
  1255 | D:2      | Reached XP level 4. HP: 38/39 MP: 0/9
  1417 | D:2      | Reached skill level 4 in Spellcasting
  1417 | D:2      | Reached XP level 5. HP: 22/45 MP: 2/11
  2525 | D:3      | Found a shimmering blue altar of Sif Muna.
  3001 | D:3      | Learned a level 3 spell: Ozocubu's Armour
  3026 | D:4      | Reached skill level 5 in Ice Magic
  3295 | D:4      | Reached skill level 1 in Fighting
  3360 | D:4      | Noticed a centaur
  3369 | D:4      | Killed a centaur
  3370 | D:4      | Reached XP level 6. HP: 38/57 MP: 7/13
  3561 | D:4      | Reached skill level 5 in Spellcasting
  4169 | D:4      | Reached XP level 7. HP: 59/63 MP: 9/14
  4441 | D:5      | Entered Level 5 of the Dungeon
  4451 | D:5      | Reached skill level 6 in Spellcasting
  4678 | D:5      | Reached XP level 8. HP: 10/72 MP: 7/17
  4986 | D:5      | Found a large runed translucent door.
  4987 | D:5      | Found a large runed translucent door.
  5058 | D:5      | Noticed Blork the orc
  5066 | D:5      | Killed Blork the orc
  5196 | D:5      | Reached skill level 7 in Spellcasting
  5550 | D:5      | Found a radiant altar of Vehumet.
  5561 | D:5      | Found an iron altar of Okawaru.
  5681 | D:6      | Found a staircase to the Ecumenical Temple.
  6335 | D:6      | Learned a level 1 spell: Magic Dart
  6556 | D:6      | Found a broken altar of Ashenzari.
  6620 | D:6      | Reached skill level 8 in Spellcasting
  6770 | D:6      | Reached XP level 9. HP: 59/79 MP: 8/21
  7210 | D:7      | Noticed a hornet
  7212 | D:7      | Paralysed by a hornet for 2 turns
  7214 | D:7      | Killed a hornet
  7542 | D:7      | Noticed Prince Ribbit
  7554 | D:7      | Killed Prince Ribbit
  7776 | D:7      | Reached skill level 9 in Spellcasting
  7899 | D:7      | Noticed Joseph
  7915 | D:7      | Killed Joseph
  8566 | D:8      | Reached skill level 10 in Spellcasting
  8571 | D:8      | Reached XP level 10. HP: 67/87 MP: 5/24
  8669 | D:8      | Found a staircase to the Lair.
  9186 | D:8      | Reached skill level 1 in Conjurations
 11257 | D:9      | Noticed Maggie
 11335 | D:9      | Noticed a two-headed ogre
 11338 | D:9      | Noticed a two-headed ogre
 11343 | D:9      | Killed a two-headed ogre
 11344 | D:9      | Reached skill level 11 in Spellcasting
 11348 | D:9      | Gained mutation: Your body sometimes deteriorates upon
                  | taking damage. [potion of mutation]
 11348 | D:9      | Gained mutation: You are weak. (Str -2) [potion of
                  | mutation]
 11348 | D:9      | Mangled by a two-headed ogre

Illustrated notes

Levels and vault maps discovered:
D:1:      psy_arrival_dodecagon, layout_basic,
          shapermc_ecumenical_altar_mp_ritualfount
D:2:      cheibrodos_pilgrimage, layout_basic, minmay_diced_spiral
D:3:      layout_loops_ring, mainiacjoe_overflow_brackets
D:4:      layout_cave_pools, serial_park, serial_park_paths
          [serial_park_minivault_5x5_6], serial_park_gazebo
          [serial_park_minivault_5x5_1], serial_park_tiny_pond,
          serial_park_tiny_1, minmay_misc_feat_square, minmay_manual_mail
D:5:      layout_rooms, jmf_multi_god_temple2, uniq_blork_the_orc
D:6:      layout_loops_corners, mainiacjoe_overflow_paths,
          minmay_temple_entry_statues
D:7:      layout_gridville, uniq_prince_ribbit1, uniq_joseph
D:8:      layout_basic, david_lair_generic, st_stairs_11, dk_vineyard_3,
          chequers_garden
D:9:      layout_rooms, amethyst_overflow_temple_binary, minmay_ruined_shrine,
          uniq_maggie, uniq_erica

Skill      XL: |  1  2  3  4  5  6  7  8  9 10 |
---------------+-------------------------------+-----
Ice Magic      | 4 5 6 7 9 |  9.8
Spellcasting   | 3 4 5 6 8 10 11 | 11.1
Fighting       | 1 2 3 |  3.0
Dodging        | 2 3 |  3.8
Stealth        | 2 |  2.2
Conjurations   | 1 |  1.0
Short Blades   | |  0.3
Axes           | |  0.8
Unarmed Combat | |  0.1

Action                   |  1- 3 |  4- 6 |  7- 9 | 10-12 || total
-------------------------+-------+-------+-------+-------++-------
Melee: Unarmed           |    12 |       |       |       ||    12
       Dagger            |     3 |     8 |     8 |       ||    19
       Hand axe          |       |       |    11 |    42 ||    53
 Cast: Freeze            |    32 |    63 |   123 |    24 ||   242
       Frozen Ramparts   |     2 |    16 |    38 |    12 ||    68
       Ozocubu's Armour  |       |     5 |    10 |     7 ||    22
       Magic Dart        |       |       |    19 |    21 ||    40
  Use: Potion            |       |       |     4 |     4 ||     8
Armor: Robe              |    12 |    16 |    41 |    18 ||    87
       Skin              |       |       |       |     6 ||     6
Dodge: Dodged            |    17 |    24 |    52 |    56 ||   149

Table legend: (Time is in decaauts)
 A = Elapsed time spent in this place.
 B = Non-inter-level travel time spent in this place.
 C = Inter-level travel time spent in this place.
 D = Time resting spent in this place.
 E = Time spent auto-exploring this place.
 F = Levels seen in this place.
 G = Mean time per level.
                   A        B        C        D        E       F      G
               +--------+--------+--------+--------+--------+-----+--------+
         Total |  11334 |  11064 |    270 |   4219 |   5545 |   9 | 1259.3 |
       Dungeon |  11334 |  11064 |    270 |   4219 |   5545 |   9 | 1259.3 |
               +--------+--------+--------+--------+--------+-----+--------+

Top non-repeatable levels by time:
     D:8: 2805 daAuts
     D:6: 1556 daAuts
     D:4: 1426 daAuts
     D:7: 1313 daAuts
     D:2: 1212 daAuts
     D:5: 1194 daAuts
     D:1: 1117 daAuts
     D:3: 683 daAuts
     D:9: 24 daAuts
